Map: Oceanborn LE

Players

cyan

  • Race: Protoss Protoss
  • League: Master
  • Spawn Location: 5:00

DnS - Winner!

  • Race: Protoss Protoss
  • Spawn Location: 11:00

VOD

Have the link to the VOD?

Description

Time

  • Played on: Dec. 28, 2023, 10:54 a.m.
  • Length: 12:20
Show
View Real Time Build Order
Export as new Build Order

cyan Protoss 

Build Orders: 1 Gate Expand, Oracle Opening 

Get SALT Encoding   

  12  0:00  Probe  
  13  0:12  Probe  
  14  0:19  Pylon  
  14  0:24  Probe  
  15  0:37  Probe (Chrono Boost)  
  15  0:40  Gateway  
  16  0:46  Probe (Chrono Boost)  
  16  0:48  Assimilator  
  17  0:51  Probe  
  18  1:04  Probe  
  19  1:16  Probe  
  20  1:22  Nexus  
  20  1:33  Cybernetics Core  
  20  1:37  Probe  
  21  1:42  Assimilator  
  21  1:49  Probe  
  21  1:53  Pylon  
  22  2:01  Probe  
  23  2:08  Adept (Chrono Boost)  
  23  2:10  Warp Gate  
  23  2:14  Probe  
  26  2:26  Probe, Stargate  
  27  2:34  Stalker  
  29  2:37  Shield Battery  
  29  2:38  Probe  
  29  2:42  Probe  
  31  2:50  Probe  
  32  2:54  Probe  
  33  3:02  Probe  
  33  3:05  Stalker  
  36  3:08  Shield Battery  
  36  3:11  Oracle (Chrono Boost)  
  36  3:15  Probe x2  
  41  3:20  Shield Battery  
  41  3:24  Shield Battery  
  41  3:27  Probe  
  41  3:29  Probe, Pylon  
  43  3:39  Probe  
  44  3:41  Probe  
  44  3:51  Probe  
  44  3:53  Probe  
  44  3:54  Robotics Facility  
  46  4:01  Void Ray (Chrono Boost)  
  46  4:05  Shield Battery  
  46  4:08  Stalker  
  48  4:18  Shield Battery  
  48  4:22  Gateway  
  48  4:25  Assimilator  
  48  4:33  Pylon  
  48  4:38  Shield Battery  
  48  4:39  Zealot  
  48  4:40  Immortal (Chrono Boost)  
  54  4:51  Shield Battery, Probe x2  
  56  4:57  Pylon  
  56  5:05  Shield Battery  
  56  5:06  Shield Battery  
  49  5:14  Stalker  
  49  5:17  Stalker  
  53  5:21  Immortal (Chrono Boost)  
  55  5:38  Void Ray (Chrono Boost)  
  55  5:40  Probe x2  
  52  5:43  Stalker  
  48  6:00  Zealot  
  49  6:05  Immortal (Chrono Boost)  
  49  6:11  Sentry  
  54  6:13  Probe  
  55  6:19  Shield Battery  
  55  6:21  Probe  
  56  6:26  Sentry  
  50  6:33  Probe  
  47  6:41  Immortal (Chrono Boost)  
  47  6:46  Stalker  
  53  6:48  Probe  
  53  6:53  Stalker  
  56  7:07  Immortal (Chrono Boost)  
  58  7:15  Pylon  
  58  7:16  Probe  
  58  7:21  Stalker  
  49  7:28  Probe  
  41  7:33  Stalker  
  37  7:45  Immortal (Chrono Boost)  
  38  7:52  Sentry  
  39  8:04  Stalker  
  37  8:21  Immortal  
  41  8:28  Adept  
  43  8:37  Pylon  
  43  8:51  Adept x2  
  47  9:00  Pylon  
  48  9:03  Observer  
  48  9:18  Pylon  
  48  9:24  Warp Prism (Chrono Boost)  
  50  9:49  Pylon  
  50  9:58  Stalker  
  52  10:02  Stalker  
  54  10:31  Adept  
  54  10:32  Adept  
  48  11:02  Stalker  
  48  11:03  Stalker  
  48  11:14  Immortal (Chrono Boost)  
  52  11:26  Sentry  
  52  11:27  Sentry  
  50  12:03  Stalker x2  
Show
View Real Time Build Order
Export as new Build Order

DnS Protoss - Winner!

Build Orders: Blink Stalkers 

Get SALT Encoding   

  12  0:00  Probe  
  13  0:12  Probe  
  14  0:17  Pylon  
  14  0:24  Probe (Chrono Boost)  
  15  0:36  Gateway  
  15  0:37  Probe (Chrono Boost)  
  16  0:44  Probe (Chrono Boost)  
  16  0:46  Assimilator  
  17  0:51  Probe  
  17  0:54  Assimilator  
  18  1:03  Probe (Chrono Boost)  
  19  1:06  Gateway  
  19  1:13  Probe (Chrono Boost)  
  19  1:17  Probe (Chrono Boost)  
  20  1:23  Cybernetics Core  
  21  1:29  Probe  
  22  1:34  Pylon  
  22  1:41  Probe  
  23  1:53  Probe  
  24  2:01  Stalker, Adept, Warp Gate  
  28  2:10  Pylon  
  28  2:31  Stalker  
  28  2:32  Stalker  
  31  2:44  Twilight Council  
  31  2:49  Gateway, Probe  
  32  3:07  Stalker x2  
  36  3:15  Pylon  
  36  3:17  Shield Battery  
  36  3:19  Blink (Chrono Boost)  
  36  3:37  Gateway  
  32  3:50  Stalker  
  32  3:54  Stalker  
  36  4:04  Stalker  
  36  4:08  Pylon  
  38  4:20  Stalker  
  38  4:23  Stalker  
  42  4:36  Stalker  
  42  4:38  Stalker  
  46  4:46  Stalker  
  48  4:55  Stalker  
  50  5:13  Stalker x2  
  54  5:21  Pylon  
  50  5:35  Stalker x2  
  44  5:52  Stalker x2  
  46  6:10  Stalker x2  
  50  6:16  Stalker x2  
  44  6:42  Stalker x4  
  50  7:08  Stalker x3  
  56  7:12  Zealot  
  44  7:37  Stalker x3  
  46  7:56  Stalker  
  48  8:12  Adept x3  
  50  8:32  Sentry  
  52  8:39  Sentry  
  54  8:46  Nexus  
  54  9:08  Sentry  
  56  9:16  Pylon  
  56  9:27  Robotics Facility  
  56  9:29  Probe  
  57  9:48  Shield Battery  
  55  10:09  Stalker x2  
  55  10:10  Stalker  
  55  10:13  Zealot  
  63  10:36  Adept x4  
  63  10:41  Observer (Chrono Boost)  
  62  10:58  Stalker x4  
  62  11:03  Probe x2  
  70  11:13  Pylon  
  70  11:24  Probe x2  
  72  11:32  Stalker x2  
  74  11:52  Probe  
  73  12:00  Probe  
  73  12:01  Stalker x4  
  74  12:03  Shield Battery  
  74  12:04  Probe  
Tags
 
Composition
Blink Stalkers
League
Master
Matchup
PvP
Player
DnS
Replay Pack
December 2023
Spawn Locations
Cross Positions
Add a new tag
Caveats
  • Supply blocks, unpowered buildings, or Contaminate may cause inaccurate times.
  • Supply counts are checked every 10 seconds.